 Dungeon Crawl Stone Soup version 0.32-a0-913-g739538afd8 (webtiles) character file.

Game seed: 5093797526171423399

2011 Esekla the Covert (level 9, -2/61 HPs)
             Began as an Octopode Delver on Apr 7, 2024.
             Was an Initiate of Gozag.
             Slain by an ice beast (9 damage)
             ... on level 7 of the Dungeon on Apr 8, 2024.
             The game lasted 00:30:03 (5979 turns).

Esekla the Covert (Octopode Delver)                 Turns: 5979, Time: 00:30:03

Health: -2/61      AC:  1    Str: 11    XL:     9   Next: 22%
Magic:  14/14      EV: 13    Int: 16    God:    Gozag
Gold:   1113       SH:  0    Dex: 14    Spells: 11/15 levels left

rFire   . . .        s - +5 dagger
rCold   . . .        (no shield)
rNeg    . . .        (helmet restricted)
rPois   .            (no amulet)
rElec   .            (no ring)
rCorr   .            (no ring)
SInv    .            (no ring)
Will    .....        (no ring)
Stlth   +++          (no ring)
HPRegen 0.30/turn    (no ring)
MPRegen 0.14/turn    (no ring)
                     (no ring)

%: no passive effects
@: confused, about to teleport, ambrosia-drunk
A: almost no armour, amphibious, 8 rings, camouflage 1, gelatinous body 1,
(nimble swimmer 1), tentacles
a: Renounce Religion, Potion Petition, Call Merchant, Bribe Branch


You were on level 7 of the Dungeon.
You worshipped Gozag.
Gozag was most pleased with you.
You visited 2 branches of the dungeon, and saw 8 of its levels.

You collected 1115 gold pieces.
You paid 2 gold pieces to Gozag.

Inventory:

Hand Weapons
 r - a +0 trident
 s - a +5 dagger (weapon)
Missiles
 k - 11 poisoned darts (quivered)
 q - 6 boomerangs
Jewellery
 y - a ring of fire
Wands
 f - a wand of digging (1)
 i - a wand of warping (7)
 l - a wand of mindburst (17)
Scrolls
 b - 2 scrolls of fog
 g - 2 scrolls of immolation {unknown}
 h - 3 scrolls of enchant weapon
 j - 2 scrolls of poison {unknown}
 m - a scroll of revelation
 o - 2 scrolls of vulnerability {unknown}
 t - a scroll of teleportation
 u - 3 scrolls of noise
 x - a scroll of silence {unknown}
 B - a scroll of enchant armour {unknown}
Potions
 a - 2 potions of mutation {unknown}
 c - 2 potions of attraction {unknown}
 e - a potion of haste
 n - a potion of lignification
 p - a potion of cancellation
 w - a potion of curing {unknown}
 z - a potion of degeneration {unknown}
 A - 2 potions of resistance {unknown}


   Skills:
 * Level 5.3 Fighting
 + Level 3.3 Short Blades
 + Level 2.4 Polearms
 + Level 0.9 Throwing
 * Level 4.5 Dodging
 + Level 11.9 Stealth
 * Level 3.6 Spellcasting
 + Level 1.5 Conjurations
 * Level 2.8 Necromancy
 + Level 1.4 Alchemy
 + Level 0.4 Evocations


You had 11 spell levels left.
You knew the following spells:

 Your Spells              Type           Power      Damage    Failure   Level
u - Dispel Undead         Necr           11%        3d9       50%         4

Your spell library contained the following spells:

 Spells                   Type           Power      Damage    Failure   Level
 Kiss of Death            Conj/Necr      36%        2d8       8%          1
 Confusing Touch          Hex            2%         N/A       47%         3
 Inner Flame              Hex/Fire       2%         N/A       47%         3
 Tukima's Dance           Hex            2%         N/A       47%         3
 Passage of Golubria      Tloc           2%         N/A       87%         4
 Irradiate                Conj/Alch      3%         3d12      95%         5
 Yara's Violent Unravell  Hex/Alch       2%         3d3       98%         5
 Dispersal                Tloc           1%         N/A       100%        6
 Gell's Gavotte           Tloc           1%         2d(11-17) 100%        6
 Manifold Assault         Tloc           1%         N/A       100%        7
 Disjunction              Tloc           1%         N/A       100%        8
 Ignition                 Fire           1%         3d3       100%        8


Dungeon Overview and Level Annotations

Branches:
Dungeon (7/15)             Temple (1/1) D:5

Altars:
Ashenzari
Cheibriados
Elyvilon
Fedhas
Gozag
Hepliaklqana
Kikubaaqudgha
Makhleb
Nemelex Xobeh
Okawaru
Qazlal
Ru
Sif Muna
Trog
Uskayaw
Vehumet
Wu Jian
Xom
Yredelemnul
Zin


Innate Abilities, Weirdness & Mutations

You cannot wear most types of armour.
You are amphibious.
You can wear up to eight rings at the same time.
Your skin changes colour to match your surroundings (Stealth+).
Your rubbery body absorbs attacks. (AC +1, EV +1)
((You are camouflaged when in or above water. (Stealth+)))
You have tentacles for arms and can constrict up to eight enemies at once.


Message History

You closely miss the bullfrog. You grab the bullfrog. You squeeze the bullfrog.
The bullfrog is moderately wounded.
You constrict the bullfrog. The bullfrog hits you.
You hit the bullfrog. You squeeze the bullfrog!
You kill the bullfrog!
You now have 1113 gold pieces (gained 7).
B - a scroll labelled ICHUAFF VEYTWING An ice beast comes into view.
You see here Great Wizards, Vol.
VII.
You pick up Great Wizards, Vol.
VII and begin reading...
You add the spells Tukima's Dance, Passage of Golubria and Yara's Violent Unravelling to your library.
A howler monkey comes into view.
An orc comes into view. It is wielding a +0 dagger.
The orc shouts!
You barely miss the ice beast. Your squeeze misses the ice beast.
The ice beast hits you. The ice beast freezes you.
You hit the ice beast but do no damage.
You hear the slow hiss of a very distant avalanche of sand.
The ice beast hits you. The ice beast freezes you!
You hit the ice beast.
The ice beast is lightly wounded.
The ice beast barely misses you.
You hit the ice beast but do no damage. The ice beast misses you.
You closely miss the ice beast. The ice beast closely misses you.
You barely miss the ice beast. The ice beast hits you.
The ice beast freezes you!
As you read the scroll of fear, it crumbles to dust.
You assume a fearsome visage.
The orc looks frightened!
The ice beast easily resists.
The ice beast misses you.
As you read the scroll of teleportation, it crumbles to dust.
You feel strangely unstable. The ice beast hits you.
* * * LOW HITPOINT WARNING * * *
The ice beast freezes you!
* * * LOW HITPOINT WARNING * * *
You are confused.
You feel invigorated. The ice beast hits you.
* * * LOW HITPOINT WARNING * * *
The ice beast freezes you!
You die...
Your body crumbles into a pile of gold.

#. ..# #.. #.# #o# #.#
#############.#####
.........o.....Y@.#
###### ######.###.#
#############.###.#####
.......................
##.##.............##h.
##.##.............#
....'.............#
##.##.............#
#.##...#########.#


You could see an ice beast and an orc (fleeing).

Vanquished Creatures
  Edmund (D:4)
  2 orc warriors
  An ice beast (D:5)
  2 ogres
  3 bullfrogs
  7 scorpions
  A bombardier beetle (D:4)
  5 hounds
  3 jellies (D:6)
  8 orc priests
  Terence (D:2)
  3 iguanas
  2 orc wizards (D:4)
  3 adders
  3 white imps
  3 ufetubi
  A ribbon worm (D:2)
  2 dart slugs
  26 orcs
  11 ball pythons
  5 endoplasms
  3 giant cockroaches (D:1)
  4 goblins
  6 hobgoblins
  6 jackals
  5 kobolds
  8 bats
  6 frilled lizards
  4 rats
135 creatures vanquished.

Notes
Turn   | Place    | Note
-------+----------+-------------------------------------------
     0 | D:5      | Esekla the Octopode Delver began the quest for the Orb.
     0 | D:5      | Reached XP level 1. HP: 16/16 MP: 1/1
     7 | D:5      | Noticed a scorpion
    18 | D:5      | Found a staircase to the Ecumenical Temple.
    84 | D:5      | Noticed a hound
    99 | D:5      | Killed a hound
   100 | D:5      | Reached skill level 7 in Stealth
   100 | D:5      | Reached XP level 2. HP: 21/21 MP: 2/2
   100 | D:5      | Reached XP level 3. HP: 26/26 MP: 3/3
   160 | Temple   | Entered the Ecumenical Temple
   219 | Temple   | Became a worshipper of Gozag Ym Sagoz the Greedy
   304 | D:4      | Noticed Edmund
   315 | D:4      | Reached XP level 4. HP: 23/31 MP: 3/5
   360 | D:3      | Found an iron altar of Okawaru.
   399 | D:4      | Reached skill level 1 in Spellcasting
   463 | D:4      | Found a shimmering blue altar of Sif Muna.
   505 | D:4      | Reached skill level 8 in Stealth
   505 | D:4      | Reached XP level 5. HP: 37/37 MP: 6/6
   760 | D:4      | Reached XP level 6. HP: 37/43 MP: 8/8
   783 | D:4      | Reached skill level 9 in Stealth
   896 | D:4      | Identified the +2 scale mail "Feoskox" {rPois rN+ Str+3}
  1094 | D:4      | Reached skill level 1 in Short Blades
  1177 | D:4      | Reached XP level 7. HP: 48/48 MP: 8/10
  1318 | D:3      | Identified the +2 pair of gloves of the Fifty Dances {rC+
                  | Int+4 Dex+2}
  1652 | D:1      | Found a faded altar of an unknown god.
  2383 | D:2      | Noticed Terence
  2385 | D:2      | Killed Terence
  3194 | D:4      | Killed Edmund
  3195 | D:4      | Reached skill level 1 in Necromancy
  3491 | D:5      | Reached skill level 10 in Stealth
  3491 | D:5      | Reached XP level 8. HP: 52/54 MP: 11/11
  4438 | D:6      | Reached skill level 5 in Fighting
  4490 | D:6      | Reached skill level 11 in Stealth
  4785 | D:6      | Found a white marble altar of Elyvilon.
  4828 | D:6      | Reached skill level 1 in Conjurations
  5063 | D:6      | Reached skill level 1 in Alchemy
  5067 | D:6      | Identified the +0 robe "Mamuiges" {-Tele rF+++ Int+3}
  5114 | D:6      | Reached XP level 9. HP: 61/61 MP: 14/14
  5779 | D:7      | Learned a level 4 spell: Dispel Undead
  5979 | D:7      | Slain by an ice beast

Illustrated notes

Levels and vault maps discovered:
D:1:      lemuel_arrival_rhombus, layout_basic,
          shapermc_ecumenical_altar_starsandcircs
D:2:      layout_rooms, grunt_decor_cap, uniq_terence
D:3:      layout_loops_ring, nicolae_overflow_hidden_temple
D:4:      layout_loops_ring, kennysheep_mini_moat, uniq_edmund
D:5:      layout_basic, minmay_temple_entry_butterflies
D:6:      layout_cave_pools, elyvilon_altar_5, mainiacjoe_overflow_two_lobes,
          grunt_ministairs_14, minmay_divided_ellipse
D:7:      layout_basic, enter_ossuary_3, chequers_serial_rivers_room_a
Temple:   minmay_crystal_spiral_temple

Skill      XL: |  1  2  3  4  5  6  7  8 |
---------------+-------------------------+-----
Stealth        | 7 8 9 10 11 | 11.9
Spellcasting   | 1 2 3 |  3.6
Fighting       | 4 5 |  5.3
Dodging        | 3 4 |  4.5
Short Blades   | 1 2 3 |  3.3
Necromancy     | 1 2 |  2.8
Conjurations   | 1 |  1.5
Alchemy        | 1 |  1.4
Polearms       | |  2.4
Throwing       | |  0.9
Evocations     | |  0.4

Action                     |  1- 3 |  4- 6 |  7- 9 || total
---------------------------+-------+-------+-------++-------
  Melee: Spear             |    11 |     2 |       ||    13
         Tentacles         |     3 |    15 |    37 ||    55
         Constrict         |     3 |    23 |    32 ||    58
         Dagger            |       |    75 |   167 ||   242
  Throw: Dart              |       |       |     9 ||     9
  Evoke: Wand              |     2 |       |       ||     2
    Use: Scroll            |     1 |       |    10 ||    11
         Potion            |       |       |     2 ||     2
   Stab: Sleeping          |       |     8 |    38 ||    46
         Distracted        |       |     1 |     2 ||     3
 Armour: Skin              |     2 |    25 |    65 ||    92
  Dodge: Dodged            |     3 |    23 |    59 ||    85

Table legend: (Time is in decaauts)
 A = Elapsed time spent in this place.
 B = Non-inter-level travel time spent in this place.
 C = Inter-level travel time spent in this place.
 D = Time resting spent in this place.
 E = Time spent auto-exploring this place.
 F = Levels seen in this place.
 G = Mean time per level.
                   A        B        C        D        E       F      G
               +--------+--------+--------+--------+--------+-----+--------+
         Total |   5972 |   5789 |    183 |   1106 |   1522 |   8 |  746.5 |
       Dungeon |   5853 |   5787 |     66 |   1106 |   1522 |   7 |  836.1 |
        Temple |    118 |      1 |    117 |      0 |      0 |   1 |  118.0 |
               +--------+--------+--------+--------+--------+-----+--------+

Top non-repeatable levels by time:
     D:5: 1755 daAuts
     D:4: 1003 daAuts
     D:6: 933 daAuts
     D:1: 814 daAuts
     D:3: 797 daAuts
     D:2: 339 daAuts
     D:7: 209 daAuts
  Temple: 118 daAuts
